 Dungeon Crawl Stone Soup version 0.31-a0-210-gccc998df9b (webtiles) character file.

Game seed: 8544154405196107712

40 qw the Shooter (level 3, -1/29 HPs)
             Began as a Minotaur Hexslinger on June 30, 2023.
             Killed from afar by Ijyb (5 damage)
             ... with a puff of flame
             ... on level 2 of the Dungeon.
             The game lasted 00:00:28 (1983 turns).

qw the Shooter (Minotaur Hexslinger)                Turns: 1983, Time: 00:00:29

Health: -1/29      AC:  5    Str: 12    XL:     3   Next: 30%
Magic:  3/3        EV: 11    Int: 10    God:
Gold:   66         SH:  0    Dex: 14    Spells: 3/4 levels left

rFire   . . .        Y - +1 sling
rCold   . . .        (no shield)
rNeg    . . .        f - +0 ring mail
rPois   .            (helmet restricted)
rElec   .            (no cloak)
rCorr   .            (no gloves)
SInv    .            (no boots)
Will    .....        (no amulet)
Stlth   +            (no ring)
HPRegen 0.24/turn    (no ring)
MPRegen 0.08/turn

%: no passive effects
@: about to teleport
A: horns 2, retaliatory headbutt
a: no special abilities


You were on level 2 of the Dungeon.
You visited 1 branch of the dungeon, and saw 3 of its levels.

You collected 66 gold pieces.


Innate Abilities, Weirdness & Mutations

You have a pair of horns on your head.
You reflexively headbutt those who attack you in melee.


   Skills:
 - Level 2.0 Fighting
 + Level 3.9 Ranged Weapons
 - Level 2.1 Dodging
 - Level 1.0 Spellcasting
 - Level 2.0 Hexes


You had 3 spell levels left.
You knew the following spells:

 Your Spells              Type           Power      Damage    Failure   Level
a - Slow                  Hex            16%        N/A       34%         1

Your spell library contained the following spells:

 Spells                   Type           Power      Damage    Failure   Level
 Inner Flame              Hex/Fire       2%         N/A       83%         3
 Portal Projectile        Hex/Tloc       4%         N/A       83%         3
 Cause Fear               Hex            2%         N/A       98%         4

Inventory:

Hand Weapons
 Y - a +1 sling (weapon)
Armour
 f - a +0 ring mail (worn)
Scrolls
 e - a scroll of identify
 h - a scroll of teleportation
Potions
 a - a potion of mutation {unknown}
 d - a potion of cancellation {unknown}

Dungeon Overview and Level Annotations

Branches:
Dungeon (3/15)

Altars:
Fedhas

Annotations:
D:2 Ijyb


Message History

The goblin barely misses you. Ijyb barely misses you.
The goblin unwields a +0 sling.
The goblin wields a +0 dagger.
The goblin hits you but does no damage. x2; Ijyb zaps a wand.
The puff of flame hits you.
1974 ||| STAIRDANCE The goblin hits you with a +0 dagger.
The goblin closely misses you. Ijyb hits you with a +0 club.
You climb upwards.
There is a stone staircase leading down here.
You shoot a sling bullet.
The sling bullet hits Ijyb but does no damage.
The goblin closely misses you. Ijyb hits you but does no damage.
The goblin hits you with a +0 dagger. The goblin hits you but does no damage.
You shoot a sling bullet.
The sling bullet completely misses Ijyb.
Ijyb hits you with a +0 club. The goblin barely misses you. x2
Ijyb closely misses you. The goblin hits you with a +0 dagger.
You shoot a sling bullet.
The sling bullet hits Ijyb but does no damage.
The goblin hits you with a +0 dagger. Ijyb closely misses you.
The goblin hits you but does no damage. The goblin hits you with a +0 dagger.
You shoot a sling bullet.
The sling bullet hits Ijyb but does no damage.
Ijyb hits you with a +0 club. The goblin closely misses you.
The goblin hits you but does no damage.
You shoot a sling bullet. The sling bullet closely misses Ijyb.
Ijyb closely misses you. The goblin hits you but does no damage.
The goblin misses you.
Ijyb zaps a wand.
The puff of flame hits you. The goblin hits you but does no damage.
1981 ||| READING 2 scrolls of teleportation.
As you read the scroll of teleportation, it crumbles to dust.
You feel strangely unstable. The goblin hits you but does no damage.
Ijyb barely misses you. The goblin hits you with a +0 dagger.
You shoot a sling bullet. The sling bullet barely misses Ijyb.
The goblin barely misses you. Ijyb hits you with a +0 club.
The goblin hits you but does no damage. The goblin barely misses you.
You shoot a sling bullet. The sling bullet barely misses Ijyb.
Ijyb zaps a wand.
The puff of flame hits you.
You die...

#..............####
##.########.#.....# #.#
#.#...#.###### #.#
#.#...#.##...# #.#
#.#.>.#.##...# #.#
#.###.#.##...# #.#
#####.#.....##...# #.#
#..g..#.#...##...#
#.####..@.............##
#....'..gg.#....####...#
######.....#....######.##
#........................
#.######.#...#[..........
#.# #.#..............#
##.########.#.##.######..#
#...........#.#########...
#############.#......##...


You could see Ijyb and 2 goblins.

Vanquished Creatures
  An adder (D:2)
  A dart slug (D:1)
  3 endoplasms
  3 giant cockroaches (D:1)
  5 goblins
  2 hobgoblins
  3 kobolds
  3 bats
  4 frilled lizards (D:1)
  2 rats (D:1)
27 creatures vanquished.

Notes
Turn   | Place    | Note
-------+----------+-------------------------------------------
     0 | D:1      | qw the Minotaur Hexslinger began the quest for the Orb.
     0 | D:1      | Reached XP level 1. HP: 16/16 MP: 1/1
     0 | D:1      | Noticed a merfolk zombie
     0 | D:1      | 0 ||| qw: Version: 0.3-a-24-ga2abf7b
     0 | D:1      | 0 ||| qw: Game counter: 7091
     0 | D:1      | 0 ||| qw: Melee chars always use a shield: true
     0 | D:1      | 0 ||| qw: God list: Okawaru
     0 | D:1      | 0 ||| qw: Allow faded altars: false
     0 | D:1      | 0 ||| qw: Do Orc after clearing Dungeon:15 true
     0 | D:1      | 0 ||| qw: Do second Lair branch before Depths: true
     0 | D:1      | 0 ||| qw: Lair rune preference: random
     0 | D:1      | 0 ||| qw: Goals: Normal
     0 | D:1      | 0 ||| PLANNING D:1-11
     4 | D:1      | Noticed a merfolk zombie
     9 | D:1      | Noticed a merfolk zombie
    19 | D:1      | Noticed a merfolk zombie
    21 | D:1      | Noticed a minotaur zombie
   137 | D:1      | Reached skill level 3 in Ranged Weapons
   137 | D:1      | Reached XP level 2. HP: 23/23 MP: 2/2
   158 | D:1      | 158 ||| READING scroll labelled DABLAZ YNKI.
   597 | D:1      | 597 ||| UPGRADING to +0 ring mail.
   607 | D:1      | 607 ||| DROPPING +0 robe.
   608 | D:1      | 608 ||| READING scroll labelled QUHAFU VOFIK.
   929 | D:1      | 929 ||| READING 2 scrolls labelled ICEPLE ZOIDGHI.
   930 | D:1      | 930 ||| READING 2 scrolls labelled TOMIYQ HUX.
   931 | D:1      | 931 ||| READING scroll labelled RUUGISH FASTE.
   932 | D:1      | 932 ||| DROPPING scroll of poison.
   933 | D:1      | 933 ||| DROPPING scroll of revelation.
  1317 | D:2      | Found a blossoming altar of Fedhas.
  1583 | D:2      | Reached XP level 3. HP: 28/29 MP: 3/3
  1836 | D:2      | 1836 ||| READING scroll labelled YHIERUDDAR.
  1837 | D:2      | 1837 ||| READING scroll labelled LASAKE OBEN.
  1938 | D:2      | 1938 ||| READING 2 scrolls labelled OPUUKHU TEONE.
  1939 | D:2      | 1939 ||| DROPPING scroll of immolation.
  1967 | D:3      | Noticed Ijyb
  1974 | D:3      | 1974 ||| STAIRDANCE
  1980 | D:2      | HP: 5/29 [Ijyb/puff of flame (6)]
  1981 | D:2      | 1981 ||| READING 2 scrolls of teleportation.
  1983 | D:2      | Killed from afar by Ijyb

Levels and vault maps discovered:
D:1:      shiori_arrival_whats_in_store_for_you, layout_rooms,
          serial_co_window_serial, co_window_paths_b, co_window_corner_a,
          co_window_corner_a, co_window_paths_a, co_window_corner_a,
          co_window_paths_a, co_window_corner_a, co_window_2corner,
          co_window_corner_b, co_window_corner_ca, co_window_paths_e,
          dreamdust_princess_corridor, hangedman_decor_peaks_small,
          dreamdust_mushroom_princess
D:2:      layout_basic, basic_altar
D:3:      kennysheep_the_goblin_king, layout_loops_ring,
          grunt_temple_overflow_holy_war, amcnicky_mini_pool_small

Skill      XL: |  1  2 |
---------------+-------+-----
Ranged Weapons | 3 |  3.9
Fighting       | 2 |  2.0
Dodging        | |  2.1
Spellcasting   | |  1.0
Hexes          | |  2.0

Action                     || total
---------------------------++-------
   Fire: Sling             ||    79
    Use: Scroll            ||     9
 Armour: Ring mail         ||    22
         Robe              ||     2
  Dodge: Dodged            ||    32

Table legend:
 A = Non-vault XP
 B = Vault XP
 C = Vault XP percentage of total XP
 D = Non-vault monster count
 E = Vault monster count
 F = Vault count percentage of total count
                 A         B        C        D         E       F
            +---------+---------+-------+---------+---------+-------
      Total |      53 |       5 |   8.6 |      24 |       3 |  11.1
            +---------+---------+-------+---------+---------+-------
        D:1 |      27 |       0 |   0.0 |      16 |       0 |   0.0
        D:2 |      26 |       0 |   0.0 |       8 |       0 |   0.0
        D:3 |       0 |       5 | 100.0 |       0 |       3 | 100.0
            +---------+---------+-------+---------+---------+-------
